 Dungeon Sprint DCSS version 0.22.1-1-ga44c0e56f4 (webtiles) character file.

28 MuseOD the Sneak (level 2, -4/13 HPs)
             Began as a Spriggan Enchanter on Oct 1, 2018.
             Slain by a human (9 damage)
             ... in the Dungeon (Sprint III: "The Ten Rune Challenge").
             The game lasted 00:00:24 (151 turns).

MuseOD the Sneak (Spriggan Enchanter)                Turns: 151, Time: 00:00:25

Health: -4/13      AC:  2    Str:  4    XL:     2   Next: 96%
Magic:  3/7        EV: 19    Int: 16    God:
Gold:   0          SH:  0    Dex: 16    Spells: 5/8 levels left

rFire    . . .     SeeInvis +   a - +1 dagger
rCold    . . .     Gourm    .   (shield restricted)
rNeg     . . .     Faith    .   b - +0 robe
rPois    .         Spirit   .   (helmet restricted)
rElec    .         Reflect  .   (no cloak)
rCorr    .         Harm     .   (gloves unavailable)
MR       .....     NoTele   +   (boots unavailable)
Stlth    ++++......             (no amulet)
HPRegen  0.04/turn              (no ring)
MPRegen  0.10/turn              (no ring)

@: very quick
A: very small, unfitting armour, see invisible, herbivore, speed 3, slow
metabolism 2
a: no special abilities


You were in the Dungeon.
You were not hungry.

You visited 1 branch

Inventory:

Hand Weapons
 a - a +1 dagger (weapon)
Armour
 b - a +0 robe (worn)
Wands
 k - a wand of flame (29)
Scrolls
 c - a scroll of enchant armour {unknown}
 j - a scroll of blinking
Potions
 e - a potion of curing
 f - a potion of heal wounds
 g - a potion of haste
 h - 3 potions of magic
 i - a potion of berserk rage
Comestibles
 d - a ration


   Skills:
 + Level 1.5 Short Blades
 + Level 3.9 Dodging
 + Level 7.0 Stealth
 + Level 3.7 Spellcasting
 + Level 5.7 Hexes


You had 5 spell levels left.
You knew the following spells:

 Your Spells              Type           Power        Failure   Level  Hunger
a - Corona                Hex            ###....      1%          1    None
b - Ensorcelled Hibernat  Hex/Ice        ##....       9%          2    ##.....

Your spell library contained the following spells:

 Spells                   Type           Power        Failure   Level  Hunger
 Confuse                  Hex            ###.....     4%          3    ###....
 Tukima's Dance           Hex            ###.....     4%          3    ###....
 Dazzling Spray           Conj/Hex       ##....       16%         3    ###....


Dungeon Overview and Level Annotations

Branches:
Dungeon (1/1)

Altars:


Innate Abilities, Weirdness & Mutations

You are very small and have problems with some larger weapons.
You are too small for most types of armour.
You have supernaturally acute eyesight. (SInv)
You are a herbivore.
You cover ground extremely quickly.
You need to consume almost no food.


Message History

The human completely misses you.
You hit the human but do no damage.
The human is almost dead.
You hit the human but do no damage.
The human is almost dead.
The human hits you.
You hit the human but do no damage.
The human is almost dead.
The human closely misses you.
You closely miss the human.
The human is almost dead.
The human hits you.
You hit the human but do no damage.
The human is almost dead.
The human barely misses you.
You hit the human but do no damage.
The human is almost dead.
The human hits you!
Ouch! That really hurt!
You die...

▓.....#
▓.....#...≈≈.♣♣ .#
▓.....#..≈≈≈≈.♣♣..+
▓####'#..≈≈≈≈≈≈♣..#
▓)....#.≈≈≈≈≈≈....#
▓...[.#.≈≈≈≈≈.....#
▓.....#.≈≈≈.......#
▓'#####...........#
▓.@p..............#
▓▓▓▓▓▓▓▓▓▓▓▓▓▓▓▓▓▓▓


You could see a human.

Vanquished Creatures
  Jessica (D)
  3 rats (D)
4 creatures vanquished.

Vanquished Creatures (others)
  3 hellions (D)
  A yaktaur (D)
  6 plants (D)
10 creatures vanquished.

Grand Total: 14 creatures vanquished

Notes
Turn   | Place    | Note
-------+----------+-------------------------------------------
     0 | D        | MuseOD the Spriggan Enchanter began the quest for the Orb.
     0 | D        | Reached XP level 1. HP: 9/9 MP: 5/5
    12 | D        | Reached skill level 5 in Stealth
    70 | D        | Noticed Jessica
    73 | D        | Killed Jessica
    73 | D        | Reached skill level 7 in Stealth
    73 | D        | Reached skill level 5 in Hexes
    73 | D        | Reached XP level 2. HP: 13/13 MP: 5/7
    80 | D        | Learned a level 2 spell: Ensorcelled Hibernation
    95 | D        | Killed a hellion
   107 | D        | Killed a hellion
   129 | D        | Killed a hellion
   146 | D        | Killed a yaktaur
   151 | D        | Slain by a human

Skill      XL: |  1 |
---------------+----+-----
Stealth        | 7 |  7.0
Hexes          | 5 |  5.7
Spellcasting   | 3 |  3.7
Short Blades   | |  1.5
Dodging        | |  3.9

Action                   || total
-------------------------++-------
Melee: Dagger            ||    31
 Cast: Ensorcelled Hiber ||     3
       Corona            ||     1
 Stab: Sleeping          ||     4
Dodge: Dodged            ||    21
